 Dungeon Crawl Stone Soup version 0.29-a0-317-gd16b76e6b1 (webtiles) character file.

Game seed: 13942407298899092754

1843 Morbidden the Slasher (level 8, -2/67 HPs)
             Began as a Demonspawn Fighter on Apr 1, 2022.
             Slain by a troll (10 damage)
             ... on level 6 of the Dungeon.
             The game lasted 00:09:57 (7471 turns).

Morbidden the Slasher (Demonspawn Fighter)          Turns: 7471, Time: 00:09:58

Health: -2/67      AC: 18    Str: 16    XL:     8   Next: 88%
Magic:  13/13      EV: 12    Int: 11    God:
Gold:   460        SH:  5    Dex: 16    Spells: 9/13 levels left

rFire   . . .      SeeInvis .   a - +0 long sword (vorpal)
rCold   . . .      Faith    .   c - +0 buckler
rNeg    . . .      Spirit   .   f - +0 plate armour
rPois   .          Reflect  .   i - +0 helmet
rElec   .          Harm     .   (no cloak)
rCorr   .          Rampage  .   l - +0 pair of gloves
Will    .....                   (no boots)
Stlth   ..........              (no amulet)
HPRegen 0.21/turn               s - +4 ring of evasion
MPRegen 0.13/turn               x - +4 ring of protection

@: no status effects
A: hooves 2, repulsion field 2, spiny 1, agile 1, robust 1
a: no special abilities


You were on level 6 of the Dungeon.
You visited 1 branch of the dungeon, and saw 6 of its levels.
You also visited: Ossuary.

You collected 460 gold pieces.

Inventory:

Hand Weapons
 a - a +0 vorpal long sword (weapon)
Missiles
 g - 6 boomerangs (quivered)
 v - a throwing net
Armour
 c - a +0 buckler (worn)
 f - a +0 plate armour (worn)
 i - a +0 helmet (worn)
 l - a +0 pair of gloves (worn)
Jewellery
 h - a ring of flight
 o - a ring of protection from cold
 s - a +4 ring of evasion (left hand)
 x - a +4 ring of protection (right hand)
Wands
 p - a wand of charming (1)
 z - a wand of iceblast (9)
Scrolls
 e - 4 scrolls of fear
 j - 2 scrolls of fog
 k - 5 scrolls of identify
 w - 2 scrolls of brand weapon
Potions
 b - 2 potions of brilliance
 d - a potion of might
 m - a potion of flight
 n - a potion of degeneration {unknown}
 q - 2 potions of lignification {unknown}
 r - 3 potions of curing {unknown}
 t - a potion of magic {unknown}
 u - a potion of ambrosia {unknown}
 A - a potion of mutation
 B - a potion of haste {unknown}
 C - a potion of cancellation {unknown}


   Skills:
 * Level 4.7 Fighting
 * Level 6.9 Long Blades
 + Level 1.1 Throwing
 + Level 4.3 Armour
 * Level 2.7 Dodging
 * Level 3.9 Shields
 * Level 3.4 Spellcasting
 * Level 3.0 Poison Magic


You had 9 spell levels left.
You knew the following spells:

 Your Spells              Type           Power      Damage    Failure   Level
a - Olgreb's Toxic Radia  Pois           8%         N/A       100%        4

Your spell library contained the following spells:

 Spells                   Type           Power      Damage    Failure   Level
 Sting                    Tmut/Pois      20%        1d4       100%        1
 Summon Small Mammal      Summ           4%         N/A       100%        1
 Poisonous Vapours        Pois/Air       10%        N/A       100%        2
 Call Canine Familiar     Summ           1%         N/A       100%        3
 Summon Guardian Golem    Hex/Summ       1%         N/A       100%        3
 Tukima's Dance           Hex            1%         N/A       100%        3
 Anguish                  Hex/Necr       0%         N/A       100%        4
 Enfeeble                 Hex            0%         N/A       100%        7


Dungeon Overview and Level Annotations

Branches:
Dungeon (6/15)            Ossuary (visited)
 Temple: D:4-7

Altars:
Dithmenos
Zin
Beogh


Innate Abilities, Weirdness & Mutations

You have hoof-like feet.
You are surrounded by a moderate repulsion field. (EV +3)
You are partially covered in sharp spines.
You are agile. (Dex +2)
You are robust. (+10% HP)


Message History

The troll is severely wounded.
You block the troll's attack. The troll barely misses you.
The troll claws you but does no damage.
Unknown command.
You barely miss the troll.
The troll is heavily wounded.
The troll bites you!
* * * LOW HITPOINT WARNING * * *
The troll barely misses you. You block the troll's attack.
Unknown command.
You hit the troll. You kick the troll, but do no damage.
The troll is severely wounded.
The troll is struck by your spines. The troll bites you!
* * * LOW HITPOINT WARNING * * *
You block the troll's attack. The troll claws you.
* * * LOW HITPOINT WARNING * * *
Unknown command.
Unknown command.
Okay, then.
Aiming: Charm
Press: ? - help, Shift-Dir - straight line, f/p - troll
Aim: a troll (severely wounded, chance to affect: 49%)
The troll resists with some effort.
The troll misses you. You block the troll's attack. The troll misses you.
Unknown command.
Aiming: Charm
Press: ? - help, Shift-Dir - straight line, f/p - troll
Aim: a troll (severely wounded, chance to affect: 49%)
The troll resists with some effort.
The troll bites you.
* * * LOW HITPOINT WARNING * * *
The troll claws you but does no damage. x2
Unknown command.
Unknown command.
Unknown command.
Aiming: Charm
Press: ? - help, Shift-Dir - straight line, f/p - troll
Aim: a troll (severely wounded, chance to affect: 49%)
The troll resists with some effort.
The troll is struck by your spines. The troll bites you!
You die...

#.......#..h# #....
##.....##...# ####
##!..###h..# .
######### #...# ..
#))....####oo.#...
#.#......##...'. ##
#†##†....##...#. ..
#.##......#W..##. ##
#.####...@To..#
#.#####.#############
#..............#
#############.## #.#
#)# #### #.# ...# #.#
.#.###########.#


You could see a troll, a phantom and an orc.

Vanquished Creatures
  A wyvern (D:6)
  An ice beast (D:6)
  A black bear (D:5)
  3 ogres
  3 elf zombies (Ossuary)
  A bullfrog (D:4)
  4 necrophages (D:6)
  2 scorpions
  2 hounds
  2 orc priests
  2 jellies
  3 iguanas
  Terence (D:2)
  4 orc wizards
  2 mummies (Ossuary)
  3 gnolls (D:3)
  6 adders
  4 white imps
  3 adder zombies (Ossuary)
  A worm (D:4)
  2 dart slugs
  10 orcs
  5 ball pythons
  8 endoplasms
  5 giant cockroaches
  7 goblins
  2 hobgoblins (D:2)
  2 jackals (D:2)
  11 kobolds
  4 quokkas
  7 bats
  6 frilled lizards
  8 hobgoblin zombies (Ossuary)
  2 jackal zombies (Ossuary)
  12 kobold zombies (Ossuary)
  6 orc zombies (Ossuary)
  6 rats
  2 rat zombies (Ossuary)
154 creatures vanquished.

Vanquished Creatures (others)
  Sigmund (D:2)
  11 plants (D:6)
12 creatures vanquished.

Grand Total: 166 creatures vanquished

Notes
Turn   | Place    | Note
-------+----------+-------------------------------------------
     0 | D:1      | Morbidden the Demonspawn Fighter began the quest for the
                  | Orb.
     0 | D:1      | Reached XP level 1. HP: 18/18 MP: 1/1
   268 | D:1      | Reached skill level 2 in Long Blades
   273 | D:1      | Gained mutation: You are surrounded by a mild repulsion
                  | field. (EV +2) [demonic ancestry]
   273 | D:1      | Reached XP level 2. HP: 14/24 MP: 2/2
   858 | D:1      | HP: 1/24 [frozen (5)]
  1556 | D:2      | Noticed Terence
  1576 | D:2      | Killed Terence
  1577 | D:2      | Reached XP level 3. HP: 5/29 MP: 3/3
  1933 | D:2      | Gained mutation: You are partially covered in sharp spines.
                  | [demonic ancestry]
  1933 | D:2      | Reached XP level 4. HP: 35/35 MP: 5/5
  1935 | D:2      | You fall into a shaft and drop 1 floor!
  1949 | D:3      | Reached skill level 1 in Spellcasting
  2744 | D:2      | Found a faded altar of an unknown god.
  2745 | D:2      | Noticed Sigmund
  2758 | D:2      | Your ally Sigmund died
  2759 | D:2      | Reached skill level 3 in Long Blades
  2846 | D:3      | Gained mutation: You have large cloven feet. [demonic
                  | ancestry]
  2846 | D:3      | Reached XP level 5. HP: 27/41 MP: 5/7
  2848 | D:3      | Identified the +2 robe of Wisdom {Int+3}
  3113 | D:3      | Learned a level 4 spell: Olgreb's Toxic Radiance
  3191 | D:3      | Reached skill level 1 in Dodging
  4087 | D:4      | Gained mutation: You have hoof-like feet. [demonic
                  | ancestry]
  4087 | D:4      | Reached XP level 6. HP: 48/48 MP: 8/8
  4359 | D:4      | Reached skill level 1 in Poison Magic
  4661 | D:5      | Entered Level 5 of the Dungeon
  4785 | D:5      | Reached skill level 4 in Long Blades
  5320 | D:5      | Found a shadowy altar of Dithmenos.
  5402 | D:5      | Reached XP level 7. HP: 53/53 MP: 10/10
  6402 | D:6      | Noticed a komodo dragon
  6411 | D:6      | Noticed a wyvern
  6417 | D:6      | Killed a wyvern
  6418 | D:6      | Reached skill level 5 in Long Blades
  6418 | D:6      | Gained mutation: You are surrounded by a moderate repulsion
                  | field. (EV +3) [demonic ancestry]
  6418 | D:6      | Reached XP level 8. HP: 22/61 MP: 12/12
  6498 | D:6      | Gained mutation: You are agile. (Dex +2) [potion of
                  | mutation]
  6498 | D:6      | Gained mutation: You are robust. (+10% HP) [potion of
                  | mutation]
  6577 | D:6      | Found a sand-covered staircase.
  6659 | Ossuary  | Entered an ossuary
  6895 | Ossuary  | Reached skill level 1 in Throwing
  6992 | Ossuary  | Reached skill level 6 in Long Blades
  7454 | D:6      | Noticed a troll
  7471 | D:6      | Slain by a troll

Illustrated notes

Levels and vault maps discovered:
D:1:      tarquinn_simple_flora_water_f, layout_loops_cross,
          amcnicky_mini_rare_corridor_liquid
D:2:      layout_basic, basic_altar, hellmonk_ecumenical_altar_dog_temple,
          st_stairs_12, grunt_ministairs_11, minmay_fractal_squares_gapless_5,
          uniq_terence, uniq_sigmund
D:3:      layout_loops_ring, minmay_misc_feat_diagonals, grunt_decor_resistance,
          kennysheep_orc_chapel
D:4:      nicolae_BIG_FREAKIN_CUBE, layout_rooms
D:5:      layout_basic, nicolae_dithmenos_the_darkroom
D:6:      minmay_opposing_rooms, layout_loops_ring,
          minmay_temple_entry_enclosed_plants, chequers_ossuary_entry_cave,
          dk_vineyard_2, minmay_hedge_maze

Skill      XL: |  1  2  3  4  5  6  7  8 |
---------------+-------------------------+-----
Long Blades    | 2 3 4 5 6 |  6.9
Armour         | 3 4 |  4.3
Spellcasting   | 1 2 3 |  3.4
Dodging        | 1 2 |  2.7
Shields        | 3 |  3.9
Poison Magic   | 1 2 3 |  3.0
Fighting       | 4 |  4.7
Throwing       | 1 |  1.1

Action                   |  1- 3 |  4- 6 |  7- 9 || total
-------------------------+-------+-------+-------++-------
Melee: Long sword        |   141 |   133 |   189 ||   463
       Kick              |       |    21 |    64 ||    85
Throw: Boomerang         |    17 |     4 |    10 ||    31
Evoke: Wand              |       |     1 |     3 ||     4
  Use: Potion            |     1 |     4 |     1 ||     6
       Scroll            |       |       |    10 ||    10
Armor: Plate armour      |   130 |    81 |    73 ||   284
       Scale mail        |     8 |       |       ||     8
Dodge: Dodged            |    55 |    47 |    86 ||   188
Block: Buckler           |    42 |    26 |    42 ||   110

Table legend: (Time is in decaauts)
 A = Elapsed time spent in this place.
 B = Non-inter-level travel time spent in this place.
 C = Inter-level travel time spent in this place.
 D = Time resting spent in this place.
 E = Time spent auto-exploring this place.
 F = Levels seen in this place.
 G = Mean time per level.
                   A        B        C        D        E       F      G
               +--------+--------+--------+--------+--------+-----+--------+
         Total |   7594 |   7440 |    154 |   1562 |   4553 |   7 | 1084.9 |
       Dungeon |   7126 |   6972 |    154 |   1441 |   4366 |   6 | 1187.7 |
       Ossuary |    467 |    467 |      0 |    121 |    187 |   1 |  467.0 |
               +--------+--------+--------+--------+--------+-----+--------+

Top non-repeatable levels by time:
     D:5: 1704 daAuts
     D:1: 1571 daAuts
     D:3: 1395 daAuts
     D:2: 1068 daAuts
     D:4: 710 daAuts
     D:6: 676 daAuts
 Ossuary: 467 daAuts
